 Dungeon Crawl Stone Soup version 0.28.0-1-gb440e238dd (webtiles) character file.

Game seed: 9304467363539310622

50 zeram the Covered (level 3, -8/33 HPs)
             Began as a Minotaur Fighter on Feb 26, 2022.
             Mangled by Sigmund (10 damage)
             ... on level 2 of the Dungeon.
             The game lasted 00:01:45 (1455 turns).

zeram the Covered (Minotaur Fighter)                Turns: 1455, Time: 00:01:45

Health: -8/33      AC:  7    Str: 22    XL:     3   Next: 55%
Magic:  2/2        EV:  9    Int:  5    God:
Gold:   105        SH:  4    Dex:  9    Spells: 2/2 levels left

rFire   + . .      SeeInvis .   a - +0 war axe
rCold   + . .      Faith    .   c - +0 buckler
rNeg    . . .      Spirit   .   b - +0 scale mail
rPois   +          Reflect  .   (helmet restricted)
rElec   +          Harm     .   (no cloak)
rCorr   +          Rampage  .   (no gloves)
Will    .....                   (no boots)
Stlth   ..........              (no amulet)
HPRegen 0.11/turn               (no ring)
MPRegen 0.08/turn               (no ring)

@: mighty, resistant
A: horns 2, retaliatory headbutt
a: no special abilities


You were on level 2 of the Dungeon.
You visited 1 branch of the dungeon, and saw 2 of its levels.

You collected 105 gold pieces.

Inventory:

Hand Weapons
 a - a +0 war axe (weapon)
Armour
 b - a +0 scale mail (worn)
 c - a +0 buckler (worn)
Scrolls
 e - 2 scrolls of teleportation {unknown}
 f - a scroll of identify {unknown}
 l - a scroll of magic mapping {unknown}
Potions
 d - 2 potions of might
 g - a potion of flight {unknown}
 h - a potion of brilliance {unknown}
 i - a potion of cancellation {unknown}
 j - a potion of curing {unknown}
 k - a potion of resistance


   Skills:
 + Level 3.9 Fighting
 + Level 3.4 Axes
 + Level 4.2 Armour
 + Level 4.2 Shields


You had 2 spell levels left.
You didn't know any spells.
Your spell library contained the following spells:

 Spells                   Type           Power      Damage    Failure   Level
 Corpse Rot               Necr/Air       0%         N/A       95%         2
 Poisonous Vapours        Pois/Air       0%         N/A       95%         2
 Tukima's Dance           Hex            0%         N/A       99%         3
 Passage of Golubria      Tloc           0%         N/A       100%        4
 Yara's Violent Unravell  Hex/Tmut       0%         3d3       100%        5


Dungeon Overview and Level Annotations

Branches:
Dungeon (2/15)

Altars:

Annotations:
D:2 Sigmund


Innate Abilities, Weirdness & Mutations

You have a pair of horns on your head.
You reflexively headbutt those who attack you in melee.


Message History

Sigmund points at you and mumbles some strange words.
The magic dart hits you! You block Sigmund's attack.
You are too injured to fight recklessly!
You feel very mighty all of a sudden.
You slash Sigmund!
Sigmund is heavily wounded.
You block Sigmund's attack.
You barely miss Sigmund. Your headbutt misses Sigmund.
Sigmund is heavily wounded.
Sigmund gestures at you while chanting. You resist with significant effort.
You barely miss Sigmund. Your headbutt misses Sigmund.
Sigmund is heavily wounded.
Sigmund gestures at you while chanting.
You are confused.
Sigmund closely misses you.
You bump into the rock wall.
Sigmund hits you from afar with a +0 scythe!
* * * LOW HITPOINT WARNING * * *
There is an open door here.
You feel less confused. You block Sigmund's attack.
Sigmund points at you and mumbles some strange words.
You are confused.
You bump into the rock wall.
You bump into the granite statue.
Sigmund gestures at you while chanting. The puff of flame hits you.
* * * LOW HITPOINT WARNING * * *
Sigmund points at you and mumbles some strange words.
You resist with significant effort.
You bump into the granite statue.
Sigmund casts a spell.
Sigmund flickers and vanishes!
Deactivating autopickup; reactivate with Ctrl-A.
You bump into the granite statue.
It was a potion of resistance.
You feel protected.
You feel less confused. Something hits you!
You die...

#... #.# ### #.## ##.##
#.. ...# #8.8# #.#
####+#####.## #.#
........##.## #.#
........#8.8# #.#
.#########.###########.#
.##8###8##.##8##8##8##.#
.'..............@....'.#
###8###8##.##8##8##8####
# # ####.##########
######..#8.8#
...#....##.##
##.##...##.##
#.##.###8.8#
#......##.##
######.##.##


There were no monsters in sight!

Vanquished Creatures
  An adder (D:2)
  A worm (D:2)
  A dart slug (D:1)
  3 ball pythons (D:1)
  2 endoplasms
  A giant cockroach (D:1)
  7 jackals
  2 quokkas (D:2)
  5 bats
  3 frilled lizards (D:1)
  3 goblins (D:1)
  2 kobolds (D:1)
  4 rats
35 creatures vanquished.

Notes
Turn   | Place    | Note
-------+----------+-------------------------------------------
     0 | D:1      | zeram the Minotaur Fighter began the quest for the Orb.
     0 | D:1      | Reached XP level 1. HP: 19/19 MP: 0/0
   299 | D:1      | Reached XP level 2. HP: 22/27 MP: 1/1
   453 | D:1      | Found a faded altar of an unknown god.
  1033 | D:2      | Reached XP level 3. HP: 22/33 MP: 2/2
  1433 | D:2      | Noticed Sigmund
  1450 | D:2      | HP: 1/33 [Sigmund/puff of flame (3)]
  1455 | D:2      | Mangled by Sigmund

Illustrated notes

Levels and vault maps discovered:
D:1:      dpeg_arrival_boxes_within_box, layout_basic,
          shapermc_ecumenical_altar_mp_ritualfount, nrook_uturn
D:2:      layout_basic, basic_altar, dk_noncrumbling_2, uniq_sigmund, uniq_robin

Skill      XL: |  1  2 |
---------------+-------+-----
Armour         | 4 |  4.2
Axes           | 3 |  3.4
Shields        | 4 |  4.2
Fighting       | |  3.9

Action                   || total
-------------------------++-------
Melee: War axe           ||    82
       Headbutt          ||     9
  Use: Potion            ||     2
Armor: Scale mail        ||    57
Dodge: Dodged            ||    51
Block: Buckler           ||    32
